 Dungeon Crawl Stone Soup version 0.20.1-1-g8b1a95d (webtiles) character file.

163 ReignOfFire the Slasher (level 5, -2/39 HPs)
             Began as a Demonspawn Gladiator on July 24, 2017.
             Killed by divine providence
             ... invoked by an orc priest
              (14 damage)
             ... on level 4 of the Dungeon.
             The game lasted 00:04:14 (3129 turns).

ReignOfFire the Slasher (Demonspawn Gladiator)      Turns: 3129, Time: 00:04:16

Health: -2/39      AC: 14    Str: 16    XL:     5   Next: 20%
Magic:  5/5        EV:  5    Int:  9    God:
Gold:   157        SH:  0    Dex: 14    Spells: 4/4 levels left

rFire    . . .     SeeInvis .   a - +0 long sword
rCold    + . .     Gourm    .   (no shield)
rNeg     . . .     Faith    .   k - +2 plate armour {MR+}
rPois    .         Spirit   .   c - +0 helmet
rElec    .         Reflect  .   t - +0 cloak
rCorr    .         Harm     .   (no gloves)
MR       +....                  (no boots)
Stlth    ..........             (no amulet)
Regen    2.2/turn               (no ring)
MPRegen  0.1/turn               (no ring)

@: no status effects
A: cold resistance 1, powered by death 1, freezing cloud immunity
a: no special abilities


You were on level 4 of the Dungeon.
You were not hungry.

You visited 1 branch of the dungeon, and saw 4 of its levels.

You collected 157 gold pieces.

Inventory:

Hand Weapons
 a - a +0 long sword (weapon)
Missiles
 d - a throwing net (quivered)
Armour
 c - a +0 helmet (worn)
 k - a +2 plate armour of magic resistance (worn)
 t - a +0 cloak (worn)
Scrolls
 g - a scroll of noise
 l - a scroll of identify
 m - 2 scrolls of remove curse
 r - 3 scrolls of magic mapping
Potions
 e - a potion of haste
 q - a potion of invisibility {unknown}
 s - 2 potions of flight
Comestibles
 f - 2 bread rations


   Skills:
 + Level 2.7 Fighting
 + Level 4.6 Long Blades
 + Level 1.8 Throwing
 + Level 1.0 Armour
 + Level 3.1 Dodging


You had 4 spell levels left.
You didn't know any spells.

Dungeon Overview and Level Annotations

Branches:
Dungeon (4/15)
 Temple: D:4-7

Altars:
Cheibriados
Fedhas
Gozag
Hepliaklqana
Sif Muna

Shops:
D:4 *

Annotations:
D:2 1 runed door


Innate Abilities, Weirdness & Mutations

Your flesh is cold resistant. (rC+)
You regenerate a little health from kills.
You are immune to freezing clouds.


Message History

The orc hits you but does no damage. The giant cockroach barely misses you.
The jackal skeleton bites you but does no damage.
The orc hits you but does no damage.
The dart slug bites you but does no damage.
The orc hits you but does no damage.
The orc priest begins to cast a cantrip, but forgets the words!
You hit the giant cockroach.
The giant cockroach explodes!
The fiery explosion engulfs the orc.
You kill the orc!
The fiery explosion engulfs you!
* * * LOW HITPOINT WARNING * * *
The fiery explosion engulfs the orc.
You kill the orc!
The fiery explosion engulfs the jackal skeleton.
You destroy the jackal skeleton!
You hear a bark!
The orc priest calls down the wrath of Beogh upon you.
Beogh smites you!
You die...

,,,,,*,**##..........##**********
,,****,,##............## *,,,,
*******,#...>.....PP...# *,,,,
,,,,,,,,......%.r.P∩P..#** *,,,,
,******,#..........PP...,* *,,,,
,,**,,,,...............#,****,,,,
,,,,,*,,>......oo.......,,,,,,,,,
,,,,,,,,......§§§w......*,,,,,,,,
,,,,*,,,##....§§@o...##,,,,**,>,,
,,,,,,***##.#.§#######*,,,***,,,,
,,,*,,,,*#.<........#,,,,,* *****
,,,****,,#........<.#,,,,,* ,,,**
**.$................* ,,,,**
*#.................*******
,**,,***#.###..s###.......*,,,,,,
****,,,,..,.....,,,.#.....,,,,,,,
******,*#...,,**##.....,,,,,,,


You could see 2 orc priests, a dart slug, an orc and a quokka.

Vanquished Creatures
  An orc priest (D:3)
  An adder (D:3)
  An ooze (D:3)
  4 dart slugs
  3 leopard geckos
  20 orcs
  2 ball pythons
  5 giant cockroaches
  7 goblins
  12 hobgoblins
  4 jackals
  5 kobolds (D:1)
  2 quokkas
  7 bats
  A frilled lizard (D:2)
  A jackal skeleton (D:4)
  4 rats
80 creatures vanquished.

Notes
Turn   | Place    | Note
-------+----------+-------------------------------------------
     0 | D:1      | ReignOfFire the Demonspawn Gladiator began the quest for the Orb.
     0 | D:1      | Reached XP level 1. HP: 16/16 MP: 1/1
   424 | D:1      | Gained mutation: Your flesh is cold resistant. (rC+) [demonic ancestry]
   424 | D:1      | Reached XP level 2. HP: 22/22 MP: 2/2
   930 | D:1      | Reached skill level 3 in Long Blades
  1069 | D:2      | Found an opulent altar of Gozag.
  1113 | D:2      | Gained mutation: You are immune to freezing clouds. [demonic ancestry]
  1113 | D:2      | Reached XP level 3. HP: 26/28 MP: 3/3
  1241 | D:2      | Found a deep blue altar of Sif Muna.
  1367 | D:2      | Found a runed door.
  1386 | D:2      | Found a hazy altar of Hepliaklqana.
  1875 | D:3      | Found a snail-covered altar of Cheibriados.
  2072 | D:3      | Reached XP level 4. HP: 12/34 MP: 4/4
  2390 | D:3      | Reached skill level 4 in Long Blades
  2446 | D:3      | Found an opulent altar of Gozag.
  2618 | D:3      | Found a blossoming altar of Fedhas.
  2716 | D:3      | Reached skill level 1 in Armour
  2716 | D:3      | Gained mutation: You regenerate a little health from kills. [demonic ancestry]
  2716 | D:3      | Reached XP level 5. HP: 9/39 MP: 5/5
  3113 | D:4      | Found Daub's Assorted Antiques.
  3125 | D:4      | HP: 1/39 [orc (2)]
  3129 | D:4      | Killed from afar by an orc priest

Skill      XL: |  1  2  3  4 |
---------------+-------------+-----
Dodging        | 3 |  3.1
Long Blades    | 3 4 |  4.6
Armour         | 1 |  1.0
Fighting       | |  2.7
Throwing       | |  1.8

Action                   |  1- 3 |  4- 6 || total
-------------------------+-------+-------++-------
Melee: Long sword        |   126 |   105 ||   231
Throw: Throwing net      |       |     2 ||     2
  Use: Scroll            |       |     6 ||     6
       Potion            |       |     6 ||     6
 Stab: Held in net/web   |       |     1 ||     1
  Eat: Chunk             |     1 |     4 ||     5
       Royal jelly       |     1 |       ||     1
Armor: Leather armour    |     3 |       ||     3
       Plate armour      |   101 |   122 ||   223
Dodge: Dodged            |    42 |    48 ||    90
       Rpst.: Long sword |     9 |    20 ||    29
